 Dungeon Crawl Stone Soup version 0.19.0 (webtiles) character file.

60 CanadianGator the Sneak (level 3, 0/27 HPs)
             Began as a Vampire Assassin on Nov 17, 2016.
             Slain by a gnoll
             ... wielding a +0 whip
              (2 damage)
             ... on level 2 of the Dungeon.
             The game lasted 00:05:17 (1045 turns).

CanadianGator the Sneak (Vampire Assassin)          Turns: 1045, Time: 00:05:17

Health: 0/27       AC:  5    Str: 10    XL:     3   Next: 80%
Magic:  3/3        EV: 12    Int: 17    God:
Gold:   63         SH:  0    Dex: 16    Spells: 0 memorised, 2 levels left

rFire  . . .     SeeInvis +     a - +2 dagger
rCold  . . .     Gourm    .     k - +0 leather armour
rNeg   + . .     Faith    .     (no shield)
rPois  .         Spirit   .     (no helmet)
rElec  .         Reflect  .     d - +0 cloak
rCorr  .         Harm     .     (no gloves)
MR     .....                    p - +0 pair of boots
Stlth  +++.......               (no amulet)
                                (no ring)
                                q - +4 ring of intelligence

@: no status effects
A: fangs 3, see invisible, unbreathing
a: Bat Form


You were on level 2 of the Dungeon.
You were not thirsty.

You visited 1 branch of the dungeon, and saw 2 of its levels.

You collected 63 gold pieces.

Inventory:

Hand Weapons
 a - a +2 dagger (weapon)
 b - a +0 blowgun
 o - a +0 short sword
Missiles
 e - 18 poisoned needles
 f - 2 curare-tipped needles
Armour
 c - a +0 robe
 d - a +0 cloak (worn)
 k - a +0 leather armour (worn)
 p - a +0 pair of boots (worn)
Jewellery
 q - a +4 ring of intelligence (left hand)
Scrolls
 i - a scroll of amnesia {unknown}
 j - 3 scrolls of teleportation {unknown}
 l - 2 scrolls of fear {unknown}
 r - a scroll of remove curse {unknown}
 v - a scroll of immolation {unknown}
 w - a scroll of magic mapping {unknown}
 x - a scroll of random uselessness {unknown}
Potions
 g - 8 potions of blood
 h - a potion of ambrosia {unknown}
 m - 2 potions of lignification {unknown}
 n - a potion of mutation {unknown}
 s - 2 potions of might {unknown}
 t - 2 potions of curing {unknown}
 u - a potion of brilliance {unknown}


   Skills:
 + Level 2.0 Fighting
 * Level 2.9 Short Blades
 - Level 1.8 Throwing
 * Level 2.0 Dodging
 * Level 6.8 Stealth


You had 2 spell levels left.
You didn't know any spells.

Dungeon Overview and Level Annotations

Branches:
Dungeon (2/15)

Altars:
Trog
Xom


Innate Abilities, Weirdness & Mutations

You have razor-sharp teeth.
You have supernaturally acute eyesight. (SInv)
You can survive without breathing.


Message History

You hit the gnoll.
The gnoll is almost dead.
The gnoll hits you with a whip. The gnoll hits you.
You hit the gnoll.
You kill the gnoll!
Your Fighting skill increases to level 2!
The gnoll barely misses you.
You closely miss the gnoll. The gnoll barely misses you.
You hit the gnoll.
The gnoll is moderately wounded.
The gnoll hits you with a whip.
* * * LOW HITPOINT WARNING * * *
You hit the gnoll.
The gnoll is heavily wounded.
The gnoll hits you with a whip.
* * * LOW HITPOINT WARNING * * *
You closely miss the gnoll.
The gnoll is heavily wounded.
The gnoll hits you with a whip.
You die...

#....##.#.....###.#.# #
##......#....##
#.#.###.#
#......####### #.......
##......'.....###.....#
##......#####.##...8.#
###)##### #.##..P..#
........# #.##.)#
..#.###.# #.###.######
......#.# ##...@g.....#
###### ....#.#.#
#.......###.####P...#
#.....#.# #.......#
#.....P§.§# #...###.#
#.......# ######§§.§#
%.......####.......#
#..§.#
#...######.........#
#..###
#..>######.#......)#
##.#
#..........#.......#
#######.#
#........#<#########
#.......#


You could see a gnoll.

Vanquished Creatures
  A worker ant zombie (D:2)
  An adder (D:2)
  A gnoll (D:2)
  A dart slug (D:1)
  2 ball pythons
  2 bat skeletons (D:2)
  A bat zombie (D:2)
  2 giant cockroaches
  5 goblins
  2 hobgoblins
  5 kobolds
  2 frilled lizards (D:2)
  A giant cockroach zombie (D:2)
  A jackal skeleton (D:2)
  A rat (D:2)
28 creatures vanquished.

Notes
Turn   | Place    | Note
-------+----------+-------------------------------------------
     0 | D:1      | CanadianGator the Vampire Assassin began the quest for the Orb.
     0 | D:1      | Reached XP level 1. HP: 16/16 MP: 1/1
    37 | D:1      | Reached skill level 6 in Stealth
   197 | D:1      | Reached XP level 2. HP: 22/22 MP: 2/2
   693 | D:2      | Reached XP level 3. HP: 21/27 MP: 3/3
   821 | D:2      | Found a shimmering altar of Xom.
   823 | D:2      | Found a bloodstained altar of Trog.
  1045 | D:2      | Slain by a gnoll

Skill      XL: |  1  2  3 |
---------------+----------+-----
Stealth        | 6 |  6.8
Dodging        | 2 |  2.0
Fighting       | 2 |  2.0
Short Blades   | |  2.9
Throwing       | |  1.8

Action                   || total
-------------------------++-------
Melee: Dagger            ||    96
       Bite              ||     6
 Fire: Blowgun           ||     6
 Stab: Sleeping          ||     5
Armor: Leather armour    ||    29
Dodge: Dodged            ||    54
